 Dungeon Crawl Stone Soup version 0.26-a0-858-gbf766624f9 (webtiles) character file.

Game seed: 2671580104084288720

142 TheFalseGod1234 the Magician (level 5, 0/37 HPs)
             Began as a Gnoll Hedge Wizard on Nov 25, 2020.
             Slain by a centaur (5 damage)
             ... on level 5 of the Dungeon.
             The game lasted 00:03:41 (3516 turns).

TheFalseGod1234 the Magician (Gnoll Hedge Wizard)   Turns: 3516, Time: 00:03:41

Health: 0/37       AC:  4    Str: 13    XL:     5   Next: 25%
Magic:  8/14       EV: 14    Int: 17    God:
Gold:   156        SH:  0    Dex: 14    Spells: 10/18 levels left

rFire    . . .     SeeInvis .   a - +0 dagger
rCold    . . .     Faith    .   (no shield)
rNeg     . . .     Spirit   .   b - +0 robe
rPois    .         Reflect  .   n - +1 helmet
rElec    .         Harm     .   (no cloak)
rCorr    .         Rampage  .   (no gloves)
MR       .....                  (no boots)
Stlth    +++.......             (no amulet)
HPRegen  0.12/turn              (no ring)
MPRegen  0.14/turn              (no ring)

@: lethally poisoned (0 -> -1)
A: distributed training, fangs 1, strong nose
a: no special abilities


You were on level 5 of the Dungeon.
You visited 1 branch of the dungeon, and saw 4 of its levels.

You collected 156 gold pieces.

Inventory:

Hand Weapons
 a - a +0 dagger (weapon)
Armour
 b - a +0 robe (worn)
 c - a +0 hat
 n - a +1 helmet (worn)
Jewellery
 m - a cursed amulet of inaccuracy {unknown}
Scrolls
 d - a scroll of fog {unknown}
 e - 2 scrolls of teleportation {unknown}
 f - a scroll of random uselessness {unknown}
 g - 5 scrolls of identify {unknown}
 j - a scroll of enchant armour {unknown}
 k - a scroll of magic mapping {unknown}
 p - a scroll of blinking {unknown}
Potions
 h - a potion of might {unknown}
 i - a potion of resistance {unknown}
 l - a potion of curing {unknown}
 o - a potion of heal wounds {unknown}


   Skills:
 + Level 1.4 Fighting
 + Level 1.4 Short Blades
 + Level 1.4 Long Blades
 + Level 1.4 Axes
 + Level 1.4 Maces & Flails
 + Level 1.4 Polearms
 + Level 1.4 Staves
 + Level 1.4 Slings
 + Level 1.4 Bows
 + Level 1.4 Crossbows
 + Level 1.4 Throwing
 + Level 1.4 Armour
 + Level 4.7 Dodging
 + Level 4.4 Stealth
 + Level 1.4 Shields
 + Level 1.4 Unarmed Combat
 + Level 7.3 Spellcasting
 + Level 2.3 Conjurations
 + Level 1.1 Hexes
 + Level 2.3 Summonings
 + Level 1.1 Necromancy
 + Level 2.3 Translocations
 + Level 1.1 Transmutations
 + Level 1.1 Fire Magic
 + Level 1.1 Ice Magic
 + Level 1.1 Air Magic
 + Level 1.1 Earth Magic
 + Level 1.1 Poison Magic
 + Level 1.6 Invocations
 + Level 1.4 Evocations


You had 10 spell levels left.
You knew the following spells:

 Your Spells              Type           Power        Failure   Level
a - Magic Dart            Conj           ##..         4%          1
b - Blink                 Tloc           N/A          6%          2
c - Call Imp              Summ           ##......     6%          2
d - Mephitic Cloud        Conj/Pois/Air  ##......     19%         3

Your spell library contained the following spells:

 Spells                   Type           Power        Failure   Level
 Slow                     Hex            ##......     11%         2
 Conjure Flame            Conj/Fire      ##......     16%         3


Dungeon Overview and Level Annotations

Branches:
Dungeon (3/15)

Altars:


Innate Abilities, Weirdness & Mutations

Your experience applies equally to all skills.
You have very sharp teeth.
Your uncanny sense of smell can sniff out nearby items.


Message History

Deactivating autopickup; reactivate with Ctrl-A.
Your shadow imp barely misses the orc priest.
You feel sick.
Your crimson imp hits the bat.
Your crimson imp misses the bat.
There is a shaft here.
Unknown command.
You fall into a shaft and drop 2 floors!
The shaft crumbles and collapses.
Reactivating autopickup.
A centaur comes into view.
Casting: Call Imp (safe; 6% risk of failure)
Confirm with . or Enter, or press ? or * to list all spells.
The spell is quite dangerous to cast (19% risk of failure)!
Continue anyway?
Okay, then.
You are too injured to fight recklessly!
The centaur shouts!
You hit the centaur but do no damage.
You feel sick.
You hear a shout!
The centaur hits you.
You die...

##########
.........
#........
#@c......
#........
########+


You could see a centaur.

Vanquished Creatures
  Ijyb (D:3)
  A howler monkey zombie (D:3)
  4 adders
  2 dart slugs
  2 leopard geckos
  4 ball pythons
  7 giant cockroaches
  5 goblins (D:1)
  8 hobgoblins
  7 jackals
  A quokka (D:3)
  7 bats
  2 frilled lizards
  6 kobolds
  10 rats
67 creatures vanquished.

Notes
Turn   | Place    | Note
-------+----------+-------------------------------------------
     0 | D:1      | TheFalseGod1234 the Gnoll Hedge Wizard began the quest for
                  | the Orb.
     0 | D:1      | Reached XP level 1. HP: 13/13 MP: 8/8
   344 | D:1      | Reached XP level 2. HP: 19/19 MP: 2/10
   855 | D:1      | Reached XP level 3. HP: 15/25 MP: 3/11
  1492 | D:2      | Reached skill level 1 in Invocations
  1941 | D:2      | Reached skill level 1 in Fighting
  1941 | D:2      | Reached skill level 1 in Short Blades
  1941 | D:2      | Reached skill level 1 in Long Blades
  1941 | D:2      | Reached skill level 1 in Axes
  1941 | D:2      | Reached skill level 1 in Maces & Flails
  1941 | D:2      | Reached skill level 1 in Polearms
  1941 | D:2      | Reached skill level 1 in Staves
  1941 | D:2      | Reached skill level 1 in Slings
  1941 | D:2      | Reached skill level 1 in Bows
  1941 | D:2      | Reached skill level 1 in Crossbows
  1941 | D:2      | Reached skill level 1 in Throwing
  1941 | D:2      | Reached skill level 1 in Armour
  1941 | D:2      | Reached skill level 1 in Shields
  1941 | D:2      | Reached skill level 1 in Unarmed Combat
  1941 | D:2      | Reached skill level 1 in Evocations
  1941 | D:2      | Reached XP level 4. HP: 18/32 MP: 7/13
  2532 | D:2      | Reached skill level 1 in Hexes
  2532 | D:2      | Reached skill level 1 in Necromancy
  2532 | D:2      | Reached skill level 1 in Transmutations
  2532 | D:2      | Reached skill level 1 in Fire Magic
  2532 | D:2      | Reached skill level 1 in Ice Magic
  2532 | D:2      | Reached skill level 1 in Air Magic
  2532 | D:2      | Reached skill level 1 in Earth Magic
  2532 | D:2      | Reached skill level 1 in Poison Magic
  3024 | D:2      | Learned a level 2 spell: Blink
  3027 | D:2      | Learned a level 2 spell: Call Imp
  3031 | D:2      | Learned a level 3 spell: Mephitic Cloud
  3371 | D:3      | Reached XP level 5. HP: 37/37 MP: 6/14
  3493 | D:3      | Noticed Ijyb
  3505 | D:3      | Killed Ijyb
  3515 | D:3      | You fall into a shaft and drop 2 floors!
  3515 | D:5      | Entered Level 5 of the Dungeon
  3515 | D:5      | Noticed a centaur
  3516 | D:5      | Slain by a centaur

Illustrated notes

Levels and vault maps discovered:
D:1:      scummos_arrival_checkerplants, layout_loops_corners,
          corexii_item_surrounded_by_moat
D:2:      layout_loops_corners, grunt_decor_one_mirror
D:3:      layout_basic, regret_index_temple_of_mockery, grunt_ministairs_13,
          uniq_ijyb
D:5:      layout_basic, basic_altar, serial_curves, eino_curves_03,
          eino_curves_03, uniq_menkaure

Skill      XL: |  1  2  3  4 |
---------------+-------------+-----
Conjurations   | 2 |  2.3
Summonings     | 2 |  2.3
Translocations | 2 |  2.3
Invocations    | 1 |  1.6
Fighting       | 1 |  1.4
Short Blades   | 1 |  1.4
Long Blades    | 1 |  1.4
Axes           | 1 |  1.4
Maces & Flails | 1 |  1.4
Polearms       | 1 |  1.4
Staves         | 1 |  1.4
Slings         | 1 |  1.4
Bows           | 1 |  1.4
Crossbows      | 1 |  1.4
Throwing       | 1 |  1.4
Armour         | 1 |  1.4
Shields        | 1 |  1.4
Unarmed Combat | 1 |  1.4
Evocations     | 1 |  1.4
Hexes          | 1 |  1.1
Necromancy     | 1 |  1.1
Transmutations | 1 |  1.1
Fire Magic     | 1 |  1.1
Ice Magic      | 1 |  1.1
Air Magic      | 1 |  1.1
Earth Magic    | 1 |  1.1
Poison Magic   | 1 |  1.1
Dodging        | |  4.7
Stealth        | |  4.4
Spellcasting   | |  7.3

Action                   |  1- 3 |  4- 6 || total
-------------------------+-------+-------++-------
Melee: Dagger            |       |     7 ||     7
       Bite              |       |     1 ||     1
 Cast: Magic Dart        |   103 |    77 ||   180
       Call Imp          |       |     3 ||     3
       Mephitic Cloud    |       |     1 ||     1
Armor: Robe              |     3 |    13 ||    16
Dodge: Dodged            |    16 |    26 ||    42

Table legend: (Time is in decaauts)
 A = Elapsed time spent in this place.
 B = Non-inter-level travel time spent in this place.
 C = Inter-level travel time spent in this place.
 D = Time resting spent in this place.
 E = Time spent auto-exploring this place.
 F = Levels seen in this place.
 G = Mean time per level.
                   A        B        C        D        E       F      G
               +--------+--------+--------+--------+--------+-----+--------+
         Total |   3514 |   3450 |     64 |      0 |   3137 |   4 |  878.5 |
       Dungeon |   3514 |   3450 |     64 |      0 |   3137 |   4 |  878.5 |
               +--------+--------+--------+--------+--------+-----+--------+

Top non-repeatable levels by time:
     D:2: 1577 daAuts
     D:1: 1481 daAuts
     D:3: 455 daAuts
     D:5: 0 daAuts
